| TOP OF THE 1ST |
|
Charleston RiverDogs batting - Pitching for Delmarva Shorebirds : LHP Luis Perez
|
|
Pitching: LHP Luis Perez
|
|
|
Batting: LHB Justin O'Neal
|
0-0: Ball 1-0: Foul Ball, location: 2F 1-1: Called Strike 1-2: Ground out 6-3 (Groundball, 6S, EV 70.0 MPH)
|
|
Batting: RHB Bill Nguyen-Tan
|
0-0: Called Strike 0-1: Ball 1-1: Ball 2-1: Foul Ball, location: 2F 2-2: Foul Ball, location: 2F 2-2: Ball 3-2: Strikes out looking
|
|
Batting: SHB Corey Penson
|
0-0: Called Strike 0-1: Swinging Strike 0-2: Strikes out swinging
|
| Top of the 1st over - 0 runs, 0 hits, 0 errors, 0 left on base; Charleston 0 - Delmarva 0 |
| BOTTOM OF THE 1ST |
|
Delmarva Shorebirds batting - Pitching for Charleston RiverDogs : RHP Bobby McDonnell
|
|
Pitching: RHP Bobby McDonnell
|
|
|
Batting: LHB Ralph Braine
|
0-0: Ball 1-0: Ball 2-0: Ball 3-0: Foul Ball, location: 2F 3-1: Base on Balls
|
|
Batting: RHB Steve Jones
|
0-0: Called Strike 0-1: Ball 1-1: SINGLE (Groundball, 56D, EV 94.4 MPH) Ralph Braine to second
|
|
Batting: RHB Daniel Jackson
|
0-0: Ball 1-0: Ball 2-0: Foul Ball, location: 2F 2-1: Foul Ball, location: 2F 2-2: Foul Ball, location: 2F 2-2: Ball 3-2: Base on Balls Ralph Braine to third Steve Jones to second
|
|
Batting: RHB Luke Vaccarino
|
0-0: Ball 1-0: Ball 2-0: Ball 3-0: Called Strike 3-1: Base on Balls Ralph Braine scores Steve Jones to third Daniel Jackson to second
|
|
Batting: RHB Maup Gommers
|
0-0: Ball 1-0: Called Strike 1-1: Called Strike 1-2: SINGLE (Groundball, 6M, EV 83.8 MPH) (infield hit) Steve Jones scores Daniel Jackson to third Luke Vaccarino to second
|
|
Batting: RHB Ken Manser
|
0-0: Ball 1-0: Called Strike 1-1: Foul Ball, location: 2F 1-2: Ball 2-2: Ball 3-2: Fly out, F8 (Flyball, 8RD, EV 72.5 MPH) Runner from 3rd tags up, SCORES, throw by CF
|
|
Batting: RHB Ethan Finke
|
0-0: Ball 1-0: Ball 2-0: Called Strike 2-1: SINGLE (Flyball, 8RS, EV 93.8 MPH) Luke Vaccarino to third Maup Gommers to second
|
|
Batting: RHB Mike Pitts
|
0-0: Foul Ball, location: 2F Balk! Luke Vaccarino scores Maup Gommers to third Ethan Finke to second 0-1: Ball 1-1: Swinging Strike 1-2: Ball 2-2: Ball 3-2: Base on Balls
|
|
Batting: RHB Tony Godley
|
0-0: Ball 1-0: Foul Ball, location: 2F 1-1: Foul Ball, location: 2F 1-2: Strikes out swinging
|
|
Batting: LHB Ralph Braine
|
0-0: Called Strike 0-1: Ground out 4-3 (Groundball, 4, EV 100.0 MPH)
|
| Bottom of the 1st over - 4 runs, 3 hits, 0 errors, 3 left on base; Charleston 0 - Delmarva 4 |
| TOP OF THE 2ND |
|
Charleston RiverDogs batting - Pitching for Delmarva Shorebirds : LHP Luis Perez
|
|
Batting: RHB Mike Zern
|
0-0: Swinging Strike 0-1: Foul Ball, location: 2F 0-2: Ball 1-2: Foul Ball, location: 2F 1-2: Strikes out swinging
|
|
Batting: LHB Steve LeGrand
|
0-0: Ball 1-0: Ball 2-0: DOUBLE (Groundball, 5L, EV 105.0 MPH)
|
|
Batting: RHB Jonathan Iniguez
|
0-0: Ball 1-0: Fly out, F8 (Flyball, 78D, EV 102.5 MPH)
|
|
Batting: RHB Iften Olujimi
|
0-0: SINGLE (Groundball, P, EV 96.2 MPH) Steve LeGrand to third Runner from 3rd tries for Home, SAFE, throw by CF to home
|
|
Batting: RHB Nate Singleton
|
0-0: Called Strike 0-1: Called Strike 0-2: Ball 1-2: Ball 2-2: Ball 3-2: Strikes out swinging
|
| Top of the 2nd over - 1 run, 2 hits, 0 errors, 1 left on base; Charleston 1 - Delmarva 4 |
| BOTTOM OF THE 2ND |
|
Delmarva Shorebirds batting - Pitching for Charleston RiverDogs : RHP Bobby McDonnell
|
|
Batting: RHB Steve Jones
|
0-0: Foul Ball, location: 2F 0-1: Ground out 5-3 (Groundball, 56, EV 101.2 MPH)
|
|
Batting: RHB Daniel Jackson
|
0-0: Ball 1-0: Ball 2-0: SINGLE (Groundball, 6MD, EV 99.4 MPH)
|
|
Batting: RHB Luke Vaccarino
|
0-0: Called Strike 0-1: Ball 1-1: SINGLE (Groundball, 34, EV 108.8 MPH) (infield hit) Daniel Jackson to second
|
|
Batting: RHB Maup Gommers
|
0-0: Ball 1-0: SINGLE (Groundball, 6MD, EV 111.2 MPH) Daniel Jackson to third Luke Vaccarino to second Runner from 3rd tries for Home, SAFE, throw by CF to home
|
|
Pitching: RHP Austin Trzcinski
|
|
|
Batting: RHB Ken Manser
|
0-0: Foul Ball, location: 2F 0-1: Called Strike 0-2: Foul Ball, location: 2F 0-2: Ball 1-2: Strikes out looking
|
|
Batting: RHB Ethan Finke
|
0-0: Ground out 6-3 (Groundball, 6S, EV 86.2 MPH)
|
| Bottom of the 2nd over - 1 run, 3 hits, 0 errors, 2 left on base; Charleston 1 - Delmarva 5 |
| TOP OF THE 3RD |
|
Charleston RiverDogs batting - Pitching for Delmarva Shorebirds : LHP Luis Perez
|
|
Batting: RHB Louwe Starmans
|
0-0: Ball 1-0: Called Strike 1-1: Called Strike 1-2: Strikes out swinging
|
|
Batting: LHB Justin O'Neal
|
0-0: Called Strike 0-1: Swinging Strike 0-2: Strikes out swinging
|
|
Batting: RHB Bill Nguyen-Tan
|
0-0: Ball 1-0: Ball 2-0: Foul Ball, location: 2F 2-1: Swinging Strike 2-2: Foul Ball, location: 2F 2-2: Strikes out swinging
|
| Top of the 3rd over - 0 runs, 0 hits, 0 errors, 0 left on base; Charleston 1 - Delmarva 5 |
| BOTTOM OF THE 3RD |
|
Delmarva Shorebirds batting - Pitching for Charleston RiverDogs : RHP Austin Trzcinski
|
|
Batting: RHB Mike Pitts
|
0-0: Ball 1-0: Called Strike 1-1: Fly out, F7 (Line Drive, 7, EV 96.9 MPH)
|
|
Batting: RHB Tony Godley
|
0-0: Swinging Strike 0-1: Ball 1-1: Ground out 6-3 (Groundball, 6, EV 88.1 MPH)
|
|
Batting: LHB Ralph Braine
|
0-0: Ball 1-0: Called Strike 1-1: Called Strike 1-2: Foul Ball, location: 2F 1-2: Ground out 4-3 (Groundball, 4, EV 84.4 MPH)
|
| Bottom of the 3rd over - 0 runs, 0 hits, 0 errors, 0 left on base; Charleston 1 - Delmarva 5 |
| TOP OF THE 4TH |
|
Charleston RiverDogs batting - Pitching for Delmarva Shorebirds : LHP Luis Perez
|
|
Batting: SHB Corey Penson
|
0-0: Foul Ball, location: 2F 0-1: Foul Ball, location: 2F 0-2: Strikes out swinging
|
|
Batting: RHB Mike Zern
|
0-0: Ball 1-0: Swinging Strike 1-1: Swinging Strike 1-2: SINGLE (Groundball, 4MD, EV 95.6 MPH)
|
|
Batting: LHB Steve LeGrand
|
0-0: Ball 1-0: Ball 2-0: Ball 3-0: Foul Ball, location: 2F 3-1: Fly out, F7 (Flyball, 7S, EV 81.9 MPH)
|
|
Batting: RHB Jonathan Iniguez
|
0-0: Ball Mike Zern steals 2nd base 1-0: Fly out, F7 (Flyball, 7LM, EV 97.5 MPH)
|
| Top of the 4th over - 0 runs, 1 hit, 0 errors, 1 left on base; Charleston 1 - Delmarva 5 |
| BOTTOM OF THE 4TH |
|
Delmarva Shorebirds batting - Pitching for Charleston RiverDogs : RHP Austin Trzcinski
|
|
Batting: RHB Steve Jones
|
0-0: Ball 1-0: Foul Ball, location: 2F 1-1: Ball 2-1: Ball 3-1: Foul Ball, location: 2F 3-2: SINGLE (Groundball, 56D, EV 103.8 MPH)
|
|
Batting: RHB Daniel Jackson
|
0-0: Ball 1-0: Ball Steve Jones steals 2nd base 2-0: Ball 3-0: Called Strike 3-1: Fly out, F3 (Line Drive, 4, EV 70.0 MPH)
|
|
Batting: RHB Luke Vaccarino
|
0-0: Ball 1-0: Ball 2-0: Ball 3-0: Called Strike 3-1: Foul Ball, location: 2F 3-2: Base on Balls
|
|
Batting: RHB Maup Gommers
|
0-0: Ball 1-0: Ball 2-0: Foul Ball, location: 2F 2-1: Ball 3-1: Foul Ball, location: 2F 3-2: Base on Balls Steve Jones to third Luke Vaccarino to second
|
|
Batting: RHB Ken Manser
|
0-0: GRAND SLAM HOME RUN (Line Drive, 7D, EV 96.9 MPH), Distance : 372 ft
|
|
Batting: RHB Ethan Finke
|
0-0: Called Strike 0-1: Ball 1-1: Ball 2-1: Ground out U3 (Groundball, 34S, EV 91.2 MPH)
|
|
Batting: RHB Mike Pitts
|
0-0: Swinging Strike 0-1: Swinging Strike 0-2: Ball 1-2: Strikes out swinging
|
| Bottom of the 4th over - 4 runs, 2 hits, 0 errors, 0 left on base; Charleston 1 - Delmarva 9 |
| TOP OF THE 5TH |
|
Charleston RiverDogs batting - Pitching for Delmarva Shorebirds : LHP Luis Perez
|
|
Batting: RHB Iften Olujimi
|
0-0: Called Strike 0-1: Ball 1-1: Swinging Strike 1-2: Strikes out swinging
|
|
Batting: RHB Nate Singleton
|
0-0: Foul Ball, location: 2F 0-1: SINGLE (Groundball, 6MD, EV 95.6 MPH)
|
|
Batting: RHB Louwe Starmans
|
0-0: Ball 1-0: Called Strike 1-1: Called Strike 1-2: Foul Ball, location: 2F 1-2: Strikes out looking
|
|
Batting: LHB Justin O'Neal
|
0-0: Ball 1-0: Called Strike 1-1: Ball 2-1: Ball 3-1: Swinging Strike 3-2: Ground out 6-3 (Groundball, 6, EV 104.4 MPH)
|
| Top of the 5th over - 0 runs, 1 hit, 0 errors, 1 left on base; Charleston 1 - Delmarva 9 |
| BOTTOM OF THE 5TH |
|
Delmarva Shorebirds batting - Pitching for Charleston RiverDogs : RHP Austin Trzcinski
|
|
Batting: RHB Tony Godley
|
0-0: Swinging Strike 0-1: Foul Ball, location: 2F 0-2: Strikes out swinging
|
|
Batting: LHB Ralph Braine
|
0-0: Foul Ball, location: 2F 0-1: Ground out 4-3 (Groundball, 4S, EV 73.1 MPH)
|
|
Batting: RHB Steve Jones
|
0-0: Called Strike 0-1: Ball 1-1: Called Strike 1-2: Ball 2-2: Ground out 6-3 (Groundball, 6, EV 83.1 MPH)
|
| Bottom of the 5th over - 0 runs, 0 hits, 0 errors, 0 left on base; Charleston 1 - Delmarva 9 |
| TOP OF THE 6TH |
|
Charleston RiverDogs batting - Pitching for Delmarva Shorebirds : LHP Luis Perez
|
|
Batting: RHB Bill Nguyen-Tan
|
0-0: Ball 1-0: Ball 2-0: SINGLE (Groundball, 6M, EV 98.1 MPH) (infield hit)
|
|
Batting: SHB Corey Penson
|
0-0: Ball Bill Nguyen-Tan steals 2nd base 1-0: Called Strike 1-1: Foul Ball, location: 2F 1-2: Ground out 6-3 (Groundball, 6, EV 83.8 MPH)
|
|
Batting: RHB Mike Zern
|
0-0: Ball 1-0: Called Strike 1-1: Fly out, F9 (Flyball, 89M, EV 80.0 MPH)
|
|
Batting: LHB Steve LeGrand
|
0-0: Ball 1-0: Ball 2-0: Ball 3-0: Called Strike 3-1: Fly out, F7 (Flyball, 78S, EV 88.8 MPH)
|
| Top of the 6th over - 0 runs, 1 hit, 0 errors, 1 left on base; Charleston 1 - Delmarva 9 |
| BOTTOM OF THE 6TH |
|
Delmarva Shorebirds batting - Pitching for Charleston RiverDogs : RHP Austin Trzcinski
|
|
Batting: RHB Daniel Jackson
|
0-0: Ball 1-0: Ball 2-0: Ground out 5-3 (Groundball, 56, EV 98.8 MPH)
|
|
Batting: RHB Luke Vaccarino
|
0-0: Fly out, F9 (Flyball, 9D, EV 98.1 MPH)
|
|
Batting: RHB Maup Gommers
|
0-0: Ball 1-0: Foul Ball, location: 2F 1-1: Ball 2-1: Fly out, F8 (Flyball, 89D, EV 95.0 MPH)
|
| Bottom of the 6th over - 0 runs, 0 hits, 0 errors, 0 left on base; Charleston 1 - Delmarva 9 |
| TOP OF THE 7TH |
|
Charleston RiverDogs batting - Pitching for Delmarva Shorebirds : LHP Luis Perez
|
|
Pinch Hitting: RHB John Sprenkel
|
0-0: Ground out 6-3 (Groundball, 6, EV 103.8 MPH)
|
|
Batting: RHB Iften Olujimi
|
0-0: Fly out, F7 (Flyball, 78S, EV 90.6 MPH)
|
|
Batting: RHB Nate Singleton
|
0-0: Swinging Strike 0-1: Called Strike 0-2: Ground out 6-3 (Groundball, 6S, EV 85.6 MPH)
|
| Top of the 7th over - 0 runs, 0 hits, 0 errors, 0 left on base; Charleston 1 - Delmarva 9 |
| BOTTOM OF THE 7TH |
|
Delmarva Shorebirds batting - Pitching for Charleston RiverDogs : RHP Austin Trzcinski
|
|
Pitching: RHP Michel van Kampen
|
|
|
Now in CF: John Sprenkel
|
|
|
Pinch Hitting: RHB Matthew Neal
|
0-0: Foul Ball, location: 2F 0-1: Ball 1-1: Foul Ball, location: 2F 1-2: Strikes out swinging
|
|
Pinch Hitting: RHB Ismael Macedo
|
0-0: DOUBLE (Line Drive, 7LS, EV 102.5 MPH)
|
|
Pinch Hitting: RHB Marquis Major
|
0-0: Ball 1-0: Called Strike 1-1: Foul Ball, location: 2F 1-2: Strikes out swinging
|
|
Batting: RHB Tony Godley
|
0-0: Called Strike 0-1: Called Strike 0-2: SINGLE (Flyball, 9LS, EV 91.9 MPH) Ismael Macedo to third
|
|
Batting: LHB Ralph Braine
|
0-0: Ball 1-0: Ball 2-0: Called Strike 2-1: Called Strike 2-2: Foul Ball, location: 2F 2-2: Strikes out swinging
|
| Bottom of the 7th over - 0 runs, 2 hits, 0 errors, 2 left on base; Charleston 1 - Delmarva 9 |
| TOP OF THE 8TH |
|
Charleston RiverDogs batting - Pitching for Delmarva Shorebirds : LHP Luis Perez
|
|
Now at 1B: Keith Long
|
|
|
Now at 3B: Matthew Neal
|
|
|
Now at SS: Ismael Macedo
|
|
|
Pinch Hitting: RHB Lorenzo Vasquez
|
0-0: Ball 1-0: SINGLE (Groundball, 56S, EV 66.9 MPH) (infield hit)
|
|
Batting: LHB Justin O'Neal
|
0-0: Ball 1-0: Fly out, F7 (Line Drive, 7, EV 85.6 MPH)
|
|
Batting: RHB Bill Nguyen-Tan
|
0-0: Ball 1-0: Ball 2-0: Fly out, F7 (Line Drive, 7S, EV 91.2 MPH)
|
|
Pinch Hitting: RHB Francisco Aguayo
|
0-0: Called Strike 0-1: Fly out, F8 (Flyball, 8LS, EV 85.0 MPH)
|
| Top of the 8th over - 0 runs, 1 hit, 0 errors, 1 left on base; Charleston 1 - Delmarva 9 |
| BOTTOM OF THE 8TH |
|
Delmarva Shorebirds batting - Pitching for Charleston RiverDogs : RHP Michel van Kampen
|
|
Now at 1B: Francisco Aguayo
|
|
|
Now at 3B: Lorenzo Vasquez
|
|
|
Batting: RHB Steve Jones
|
0-0: Ball 1-0: Called Strike 1-1: Ball 2-1: Swinging Strike 2-2: Strikes out looking
|
|
Batting: RHB Daniel Jackson
|
0-0: Ball 1-0: Called Strike 1-1: Ball 2-1: SINGLE (Line Drive, 3D, EV 105.0 MPH)
|
|
Batting: RHB Luke Vaccarino
|
0-0: Ball 1-0: Foul Ball, location: 2F 1-1: Ball 2-1: Foul Ball, location: 2F 2-2: Ball 3-2: Foul Ball, location: 2F 3-2: Base on Balls Daniel Jackson to second
|
|
Pitching: LHP Alex Pulido
|
|
|
Batting: RHB Maup Gommers
|
0-0: Ball 1-0: Ball 2-0: Ball 3-0: Foul Ball, location: 2F 3-1: Swinging Strike 3-2: Fly out, F8 (Flyball, 8RD, EV 88.1 MPH)
|
|
Batting: RHB Matthew Neal
|
0-0: Ball 1-0: Called Strike 1-1: Foul Ball, location: 2F 1-2: Ball 2-2: Ball 3-2: Ground out 6-3 (Groundball, 56, EV 101.9 MPH)
|
| Bottom of the 8th over - 0 runs, 1 hit, 0 errors, 2 left on base; Charleston 1 - Delmarva 9 |
| TOP OF THE 9TH |
|
Charleston RiverDogs batting - Pitching for Delmarva Shorebirds : LHP Luis Perez
|
|
Batting: RHB Mike Zern
|
0-0: Called Strike 0-1: Swinging Strike 0-2: Foul Ball, location: 2F 0-2: Ball 1-2: Foul Ball, location: 2F 1-2: Fly out, F8 (Flyball, 8RM, EV 87.5 MPH)
|
|
Pitching: LHP Justin Hinton
|
|
|
Pinch Hitting: RHB Francisco Vargas
|
0-0: Called Strike 0-1: Ball 1-1: Foul Ball, location: 2F 1-2: Ball 2-2: Strikes out swinging
|
|
Batting: RHB John Sprenkel
|
0-0: Ball 1-0: Foul Ball, location: 2F 1-1: SINGLE (Groundball, 34D, EV 106.2 MPH)
|
|
Batting: RHB Iften Olujimi
|
0-0: Ball 1-0: Called Strike 1-1: Ball 2-1: Fielders Choice at 2nd, 5-4 (Groundball, 56, EV 81.9 MPH)
|
| Top of the 9th over - 0 runs, 1 hit, 0 errors, 1 left on base; Charleston 1 - Delmarva 9 |
|